 Dungeon Crawl Stone Soup version 0.31.0-11-ge490571c62 (webtiles) character file.

Game seed: 1466261644425737365

163 Arctor the Magician (level 5, 0/28 HPs)
             Began as a Deep Elf Fire Elementalist on Feb 6, 2024.
             Killed by nerve-wracking pain
             ... invoked by Grinder
              (13 damage)
             ... on level 3 of the Dungeon.
             The game lasted 00:02:30 (2921 turns).

Arctor the Magician (Deep Elf Fire Elementalist)    Turns: 2921, Time: 00:02:31

Health: 0/28       AC:  2    Str:  5    XL:     5   Next: 20%
Magic:  0/13       EV: 13    Int: 22    God:
Gold:   96         SH:  0    Dex: 15    Spells: 9/12 levels left

rFire   . . .        (no weapon)
rCold   . . .        (no shield)
rNeg    . . .        a - +0 robe
rPois   .            (no helmet)
rElec   .            (no cloak)
rCorr   .            (no gloves)
SInv    .            (no boots)
Will    .....        (no amulet)
Stlth   +++          (no ring)
HPRegen 0.24/turn    (no ring)
MPRegen 0.13/turn

%: no passive effects
@: no status effects
A: no striking features
a: no special abilities


You were on level 3 of the Dungeon.
You visited 1 branch of the dungeon, and saw 3 of its levels.

You collected 96 gold pieces.

Inventory:

Armour
 a - a +0 robe (worn)
Jewellery
 l - an amulet of magic regeneration
Scrolls
 c - a scroll of butterflies {unknown}
 e - a scroll of torment {unknown}
 f - a scroll of blinking {unknown}
 i - 2 scrolls of identify {unknown}
 k - 3 scrolls of fog {unknown}
 m - a scroll of revelation {unknown}
 n - a scroll of teleportation {unknown}
 o - a scroll of immolation {unknown}
Potions
 b - a potion of magic
 d - a potion of cancellation {unknown}
 g - a potion of ambrosia {unknown}
 h - a potion of invisibility {unknown}
 j - a potion of attraction {unknown}
 p - a potion of mutation {unknown}


   Skills:
 + Level 3.6 Dodging
 + Level 3.8 Stealth
 + Level 4.2 Spellcasting
 + Level 2.5 Conjurations
 + Level 4.1 Fire Magic


You had 9 spell levels left.
You knew the following spells:

 Your Spells              Type           Power      Damage    Failure   Level
a - Foxfire               Conj/Fire      76%        2x1d7     2%          1
b - Scorch                Fire           44%        2d6       3%          2

Your spell library contained the following spells:

 Spells                   Type           Power      Damage    Failure   Level
 Inner Flame              Hex/Fire       13%        N/A       14%         3
 Volatile Blastmotes      Fire/Tloc      26%        2d12      14%         3
 Flame Wave               Conj/Fire      19%        2d7       28%         4


Dungeon Overview and Level Annotations

Branches:
Dungeon (3/15)

Altars:

Shops:
D:2 (

Annotations:
D:2 1 runed translucent door, Crazy Yiuf
D:3 Grinder


Message History

Your foxfire dissipates!
Casting: Scorch (safe; 3% risk of failure)
Confirm with . or Enter, or press ? or * to list all spells.
You conjure some foxfire!
Grinder blinks!
Your foxfire dissipates!
Your magical contamination has completely faded away.
Grinder gestures at you. You resist with significant effort.
Casting: Foxfire (safe; 2% risk of failure)
Confirm with . or Enter, or press ? or * to list all spells.
You don't have enough magic to cast this spell.
Casting: Foxfire (safe; 2% risk of failure)
Confirm with . or Enter, or press ? or * to list all spells.
You conjure some foxfire!
Your foxfire dissipates!
Casting: Foxfire (safe; 2% risk of failure)
Confirm with . or Enter, or press ? or * to list all spells.
You conjure some foxfire!
Casting: Foxfire (safe; 2% risk of failure)
Confirm with . or Enter, or press ? or * to list all spells.
You don't have enough magic to cast this spell.
Your foxfire dissipates!
Your foxfire dissipates!
Casting: Foxfire (safe; 2% risk of failure)
Confirm with . or Enter, or press ? or * to list all spells.
You don't know that spell.
Sorry, you're not good enough to have a special ability.
Sorry, you're not good enough to have a special ability.
Casting: Foxfire (safe; 2% risk of failure)
Confirm with . or Enter, or press ? or * to list all spells.
You conjure some foxfire!
Grinder gestures at you. Pain shoots through your body!
Your foxfire dissipates!
The foxfire hits Grinder.
Grinder is severely wounded.
Grinder gestures at you. Pain shoots through your body!
You die...
Grinder says, "Now the real fun starts!"

#.##...................
####......#.#....#..#..
###########.#.##### #.## .
#.........#.#.#... ...# ..
#.#######.#.#.#.#####..# ...
#.# #.#.#..........# .... #.#
#.#.##..###§#..##..... #.#
#####.#.......#.#5......# #.#
#...#.##.P@§P§.5#<......# #.#
#...#.....♣♣§P§...........
##.###...##...♣♣♣P.♣.###.....##
#............♣♣♣♣♣♣..# .....#
######...##.#.♣.♣♣♣..# .....#
#...##.#..PP♣P#### .....#
######.#.......).. .......
##.#.......##. .######
#.............


You could see Grinder.

Vanquished Creatures
  Jessica (D:3)
  Robin (D:1)
  4 gnolls (D:2)
  4 adders
  A ribbon worm (D:2)
  2 dart slugs
  An orc (D:3)
  6 endoplasms
  3 giant cockroaches
  8 hobgoblins
  3 quokkas
  5 ball pythons
  2 bats
  A frilled lizard (D:1)
  8 goblins
  7 kobolds
  2 rats
59 creatures vanquished.

Vanquished Creatures (others)
  An orc (D:3)
  A hobgoblin (D:3)
  A ball python (D:3)
  263 foxfires
266 creatures vanquished.

Grand Total: 325 creatures vanquished

Notes
Turn   | Place    | Note
-------+----------+-------------------------------------------
     0 | D:1      | Arctor the Deep Elf Fire Elementalist began the quest for
                  | the Orb.
     0 | D:1      | Reached XP level 1. HP: 10/10 MP: 6/6
   301 | D:1      | Reached XP level 2. HP: 15/15 MP: 1/8
  1225 | D:2      | Reached XP level 3. HP: 19/19 MP: 1/9
  1329 | D:2      | Learned a level 2 spell: Scorch
  1420 | D:2      | Noticed Robin
  1458 | D:1      | Killed Robin
  1850 | D:2      | Found Saphed's Weapon Shop.
  1919 | D:2      | Reached XP level 4. HP: 24/24 MP: 7/11
  2224 | D:2      | Found a runed translucent door.
  2225 | D:2      | Noticed Crazy Yiuf
  2681 | D:3      | Reached XP level 5. HP: 28/28 MP: 4/13
  2689 | D:3      | Noticed Jessica
  2693 | D:3      | Killed Jessica
  2886 | D:3      | Noticed Grinder
  2921 | D:3      | Killed from afar by Grinder

Illustrated notes

Levels and vault maps discovered:
D:1:      scummos_arrival_star, layout_basic, kennysheep_nondescript
D:2:      layout_basic, serial_shops, nicolae_shop_rolling_square,
          uniq_crazy_yiuf_cottage, uniq_robin
D:3:      layout_basic, xom_confusion_cloud, serial_forest,
          infiniplex_forest_end_2, infiniplex_forest_clump_small,
          infiniplex_forest_lined_corner, infiniplex_forest_clump_medium,
          infiniplex_forest_zigzag_1, infiniplex_forest_zigzag_2,
          dilly_ecumenical_altar_fadedgnrine, minmay_pentomino_pile,
          uniq_jessica, uniq_terence, uniq_grinder

Skill      XL: |  1  2  3  4 |
---------------+-------------+-----
Stealth        | 3 |  3.8
Dodging        | 3 |  3.6
Conjurations   | 2 |  2.5
Spellcasting   | 4 |  4.2
Fire Magic     | 4 |  4.1

Action                     |  1- 3 |  4- 6 || total
---------------------------+-------+-------++-------
  Melee: Unarmed           |     1 |     2 ||     3
   Cast: Foxfire           |   116 |    52 ||   168
         Scorch            |     5 |     4 ||     9
 Armour: Robe              |    14 |     2 ||    16
  Dodge: Dodged            |    20 |     6 ||    26
